 Dungeon Crawl Stone Soup version 0.21-a0-401-g0b6bec4 (webtiles) character file.

4 4thArraOfDagon the Ducker (level 1, 0/13 HPs)
             Began as a Deep Elf Abyssal Knight on Oct 24, 2017.
             Was an Initiate of Lugonu.
             Slain by a hobgoblin
             ... wielding a +0 club
              (2 damage)
             ... on level 1 of the Dungeon.
             The game lasted 00:01:31 (198 turns).

4thArraOfDagon the Ducker (Deep Elf Abyssal Knight)  Turns: 198, Time: 00:01:32

Health: 0/13       AC:  9    Str:  9    XL:     1   Next: 58%
Magic:  4/4        EV:  4    Int: 16    God:    Lugonu [......]
Gold:   0          SH:  0    Dex: 14    Spells: 0/0 levels left

rFire    + . .     SeeInvis .     - Unarmed
rCold    . . .     Gourm    .   (no shield)
rNeg     . . .     Faith    .   c - +1 chain mail {rF+}
rPois    .         Spirit   .   (no helmet)
rElec    .         Reflect  .   (no cloak)
rCorr    .         Harm     .   (no gloves)
MR       .....                  (no boots)
Stlth    ..........             (no amulet)
HPRegen  0.04/turn              (no ring)
MPRegen  0.09/turn              (no ring)

@: no status effects
A: no striking features
a: Renounce Religion


You were on level 1 of the Dungeon.
You worshipped Lugonu.
Lugonu was noncommittal.
You were not hungry.

You visited 1 branch of the dungeon, and saw 1 of its levels.
You visited the Abyss 1 time.

Inventory:

Armour
 a - a +0 leather armour
 c - a +1 chain mail of fire resistance (worn)
Comestibles
 b - a bread ration


   Skills:
 - Level 2.4 Fighting
 - Level 0.7 Armour
 - Level 2.4 Dodging
 * Level 2.0 Unarmed Combat
 - Level 2.0 Invocations


You couldn't memorise any spells.
You didn't know any spells.

Dungeon Overview and Level Annotations

Branches:
Dungeon (1/15)

Altars:


Message History

The hobgoblin is severely wounded.
Your chain mail prevents you from hitting the hobgoblin.
The hobgoblin is severely wounded.
The hobgoblin hits you but does no damage.
Your chain mail prevents you from hitting the hobgoblin.
The hobgoblin is severely wounded.
The hobgoblin hits you but does no damage.
You closely miss the hobgoblin.
The hobgoblin is severely wounded.
The hobgoblin hits you but does no damage.
Your chain mail prevents you from hitting the hobgoblin.
The hobgoblin is severely wounded.
The hobgoblin hits you but does no damage.
You closely miss the hobgoblin.
The hobgoblin is severely wounded.
The hobgoblin hits you but does no damage.
Your chain mail prevents you from hitting the hobgoblin.
The hobgoblin is severely wounded.
The hobgoblin hits you with a club.
You die...

################ #.#
#........Kggg@.# ####..#
#.#####..#####.####...>...
####.### #..# ##.........#
.g.gb..# #..#
####.8.......r
####g#.###..#
#§§§.§........ #........#
#§§§≈...%..... #........#
#>§≈≈.<8.K8.(# #g#.###...
#≈≈≈≈....$...# #[#g# #.##
#≈≈≈.......#.#


You could see 2 hobgoblins, a goblin and a kobold.

Vanquished Creatures
  A bat (D:1)
  A goblin (D:1)
  A hobgoblin (D:1)
  A rat (D:1)
4 creatures vanquished.

Notes
Turn   | Place    | Note
-------+----------+-------------------------------------------
     0 | Abyss:1  | 4thArraOfDagon the Deep Elf Abyssal Knight began the quest for the Orb.
     0 | Abyss:1  | Reached XP level 1. HP: 13/13 MP: 4/4
    39 | Abyss:1  | Noticed an efreet
    46 | Abyss:1  | Noticed a large abomination
    48 | Abyss:1  | Noticed a thrashing horror
    81 | Abyss:1  | Noticed an angel
    88 | Abyss:1  | Noticed a smoke demon
    89 | D:1      | Escaped the Abyss
   198 | D:1      | Slain by a hobgoblin

Vault maps used:
D:1:      grunt_arrival_lava_bath

Skill      XL: |  1 |
---------------+----+-----
Unarmed Combat | 2 |  2.0
Fighting       | |  2.4
Armour         | |  0.7
Dodging        | |  2.4
Invocations    | |  2.0

Action                   || total
-------------------------++-------
Melee: Unarmed           ||    52
Invok: Depart the Abyss  ||     1
Armor: Chain mail        ||    33
       Leather armour    ||    10
Dodge: Dodged            ||    42

Table legend:
 A = Spawn XP
 B = Non-spawn XP
 C = Spawn XP percentage of total XP
 D = Spawn monster count
 E = Non-spawn monster count
 F = Spawn count percentage of total count
 G = Total turns spent on level
                    A         B        C        D         E        F      G
               +---------+---------+-------+---------+---------+-------+---------
         Total |       0 |       7 |   0.0 |       0 |       4 |   0.0 |   198
               +---------+---------+-------+---------+---------+-------+---------
           D:1 |       0 |       7 |   0.0 |       0 |       4 |   0.0 |   109
               +---------+---------+-------+---------+---------+-------+---------
